 Dungeon Crawl Stone Soup version 0.18-a0-1405-g73f4075 (webtiles) character file.

64 Kidiri the Magician (level 3, 0/20 HPs)
             Began as a Deep Elf Fire Elementalist on Feb 24, 2016.
             Slain by an adder (4 damage)
             ... on level 3 of the Dungeon.
             The game lasted 00:07:53 (2441 turns).

Kidiri the Magician (Deep Elf Fire Elementalist)    Turns: 2441, Time: 00:07:54

Health: 0/20       AC:  2    Str:  5    XL:     3   Next: 91%
Magic:  8/10       EV: 13    Int: 20    God:
Gold:   49         SH:  0    Dex: 15    Spells: 4 memorised, 1 level left

rFire  . . .     SeeInvis .     e - +1 dagger
rCold  . . .     Gourm    .     a - +0 robe
rNeg   . . .     Faith    .     (no shield)
rPois  .         Spirit   .     (no helmet)
rElec  .         Dismiss  .     (no cloak)
rCorr  .         Reflect  .     (no gloves)
SustAt .         Harm     .     (no boots)
MR     .....                    (no amulet)
Stlth  ++........               (no ring)
                                (no ring)

@: drained, not resistant to hostile enchantments, unstealthy
A: no striking features
a: no special abilities


You were on level 3 of the Dungeon.
You were not hungry.

You visited 1 branch of the dungeon, and saw 3 of its levels.

You collected 49 gold pieces.

Inventory:

Hand Weapons
 e - a +1 dagger (weapon)
Armour
 a - a +0 robe (worn)
Jewellery
 o - an uncursed amulet of harm
Wands
 q - a wand of flame (43/48)
Potions
 f - a potion of ambrosia
 l - a potion of invisibility
 n - a potion of curing {unknown}
Books
 b - a book of Flames

   Spells                             Type                      Level
   a - Flame Tongue                   Conjuration/Fire             1
   b - Throw Flame                    Conjuration/Fire             2
   c - Conjure Flame                  Conjuration/Fire             3
   d - Inner Flame                    Hexes/Fire                   3
   e - Sticky Flame                   Conjuration/Fire             4
   f - Fireball                       Conjuration/Fire             5
Comestibles
 c - a bread ration
 d - 4 chunks of flesh


   Skills:
 + Level 0.7(0.0) Fighting
 + Level 3.1(2.4) Dodging
 + Level 2.9(2.2) Stealth
 * Level 4.2(3.4) Spellcasting
 + Level 1.5(0.9) Conjurations
 + Level 3.5(2.8) Fire Magic


You had one spell level left.
You knew the following spells:

 Your Spells              Type           Power        Failure   Level  Hunger
a - Flame Tongue          Conj/Fire      ##...        10%         1    None
b - Throw Flame           Conj/Fire      ##....       12%         2    ##.....
c - Conjure Flame         Conj/Fire      ##......     21%         3    ###....
d - Inner Flame           Hex/Fire       #.......     24%         3    ###....


Dungeon Overview and Level Annotations

Branches:
Dungeon (3/15)

Altars:
Ru
Zin

Annotations:
D:2 Ijyb, Sigmund


Message History

The adder is severely wounded.
The adder bites you.
* * * LOW HITPOINT WARNING * * *
Casting: Conjure Flame
Confirm with . or Enter, or press ? or * to list all spells.
Aiming: Flame Tongue
Press: ? - help, Shift-Dir - straight line, f - adder
Aim: an adder (severely wounded)
The flame tongue hits the adder.
The adder is almost dead.
The adder bites you.
* * * LOW HITPOINT WARNING * * *
The adder closely misses you.
Casting: Flame Tongue
Confirm with . or Enter, or press ? or * to list all spells.
Aiming: Flame Tongue
Press: ? - help, Shift-Dir - straight line, f/p - adder
Aim: an adder (almost dead)
The flame tongue misses the adder.
The adder bites you.
You die...

.#..# #....#
#####...##
##...#....##
##..<.).....##
#...)....>...##.
#...............
#............#
##......@...##
##...##.S.##
##########


You could see an adder.

Vanquished Creatures
  An adder (D:2)
  2 worms
  2 giant geckos
  A giant cockroach (D:1)
  6 goblins
  4 hobgoblins
  6 jackals (D:1)
  4 bats (D:1)
  2 giant newts (D:1)
  9 kobolds
  8 rats
45 creatures vanquished.

Notes
Turn   | Place    | Note
--------------------------------------------------------------
     0 | D:1      | Kidiri the Deep Elf Fire Elementalist began the quest for the Orb.
     0 | D:1      | Reached XP level 1. HP: 10/10 MP: 6/6
   731 | D:1      | Reached XP level 2. HP: 15/15 MP: 4/8
   778 | D:1      | Learned a level 2 spell: Throw Flame
  1481 | D:1      | Reached XP level 3. HP: 13/20 MP: 2/10
  1486 | D:1      | Learned a level 3 spell: Conjure Flame
  1490 | D:1      | Learned a level 3 spell: Inner Flame
  1501 | D:1      | Reached skill level 4 in Spellcasting
  1810 | D:2      | Found a glowing silver altar of Zin.
  2075 | D:2      | Noticed Ijyb
  2398 | D:2      | Found a sacrificial altar of Ru.
  2400 | D:2      | Noticed Sigmund
  2441 | D:3      | Slain by an adder

Vault maps used:
D:1:      lightli_arrival_farm, serial_bayou_pond_a
D:2:      nicolae_ru_great_annihilating_truth, lemuel_crystal_altar,
          uniq_sigmund, uniq_iyjb
D:3:      old_standard_altar, uniq_crazy_yiuf_cottage

Skill      XL: |  1  2  3 |
---------------+----------+-----
Spellcasting   | 4 |  4.2
Dodging        | 3 |  3.1
Fighting       | |  0.7
Stealth        | |  2.9
Conjurations   | |  1.5
Fire Magic     | |  3.5

Action                   || total
-------------------------++-------
Melee: Mace              ||    22
       Dagger            ||     6
 Cast: Flame Tongue      ||    50
       Throw Flame       ||    19
       Conjure Flame     ||     1
  Use: Scroll            ||     7
 Stab: Sleeping          ||     5
  Eat: Chunk             ||     4
       Beef jerky        ||     1
